%YAML 1.1
%TAG !u! tag:unity3d.com,2011:
--- !u!1 &2249799592334023911
GameObject:
  m_ObjectHideFlags: 0
  m_CorrespondingSourceObject: {fileID: 0}
  m_PrefabInstance: {fileID: 0}
  m_PrefabAsset: {fileID: 0}
  serializedVersion: 6
  m_Component:
  - component: {fileID: 5076109357845052311}
  m_Layer: 0
  m_Name: Town_Hall
  m_TagString: Untagged
  m_Icon: {fileID: 0}
  m_NavMeshLayer: 0
  m_StaticEditorFlags: 0
  m_IsActive: 1
--- !u!4 &5076109357845052311
Transform:
  m_ObjectHideFlags: 0
  m_CorrespondingSourceObject: {fileID: 0}
  m_PrefabInstance: {fileID: 0}
  m_PrefabAsset: {fileID: 0}
  m_GameObject: {fileID: 2249799592334023911}
  m_LocalRotation: {x: -0, y: -0, z: -0, w: 1}
  m_LocalPosition: {x: 0, y: 0, z: 0}
  m_LocalScale: {x: 1, y: 1, z: 1}
  m_Children:
  - {fileID: 4869292426954112240}
  - {fileID: 4869292426970531345}
  - {fileID: 4869292425885400689}
  - {fileID: 4869292425488865423}
  - {fileID: 4869292425849155080}
  - {fileID: 4869292426388293255}
  - {fileID: 4869292426296296766}
  - {fileID: 4869292425820742197}
  - {fileID: 4869292426186862502}
  - {fileID: 4869292425861542414}
  - {fileID: 4869292426969705153}
  - {fileID: 4869292427348273621}
  - {fileID: 4869292427136080626}
  - {fileID: 4869292427349721118}
  - {fileID: 4869292427352061704}
  - {fileID: 4869292425826884014}
  - {fileID: 4869292426679076762}
  - {fileID: 4869292427303987725}
  - {fileID: 4869292425378404547}
  - {fileID: 4869292425215065872}
  - {fileID: 4869292425561107638}
  - {fileID: 4869292425688809451}
  - {fileID: 4869292426407447351}
  - {fileID: 4869292426895293297}
  - {fileID: 4869292425415197825}
  - {fileID: 4869292425549006394}
  m_Father: {fileID: 0}
  m_RootOrder: 0
  m_LocalEulerAnglesHint: {x: 0, y: 0, z: 0}
--- !u!1001 &4869292425215400406
PrefabInstance:
  m_ObjectHideFlags: 0
  serializedVersion: 2
  m_Modification:
    m_TransformParent: {fileID: 5076109357845052311}
    m_Modifications:
    - target: {fileID: 198914, guid: 260ea4bf1ba71314c9c3833b491586bc, type: 3}
      propertyPath: m_Name
      value: SM_Env_Sidewalk_642
      objectReference: {fileID: 0}
    - target: {fileID: 485062, guid: 260ea4bf1ba71314c9c3833b491586bc, type: 3}
      propertyPath: m_LocalPosition.x
      value: -49.967
      objectReference: {fileID: 0}
    - target: {fileID: 485062, guid: 260ea4bf1ba71314c9c3833b491586bc, type: 3}
      propertyPath: m_LocalPosition.y
      value: 0
      objectReference: {fileID: 0}
    - target: {fileID: 485062, guid: 260ea4bf1ba71314c9c3833b491586bc, type: 3}
      propertyPath: m_LocalPosition.z
      value: -85.084
      objectReference: {fileID: 0}
    - target: {fileID: 485062, guid: 260ea4bf1ba71314c9c3833b491586bc, type: 3}
      propertyPath: m_LocalRotation.x
      value: -0
      objectReference: {fileID: 0}
    - target: {fileID: 485062, guid: 260ea4bf1ba71314c9c3833b491586bc, type: 3}
      propertyPath: m_LocalRotation.y
      value: -0
      objectReference: {fileID: 0}
    - target: {fileID: 485062, guid: 260ea4bf1ba71314c9c3833b491586bc, type: 3}
      propertyPath: m_LocalRotation.z
      value: -0
      objectReference: {fileID: 0}
    - target: {fileID: 485062, guid: 260ea4bf1ba71314c9c3833b491586bc, type: 3}
      propertyPath: m_LocalRotation.w
      value: 1
      objectReference: {fileID: 0}
    - target: {fileID: 485062, guid: 260ea4bf1ba71314c9c3833b491586bc, type: 3}
      propertyPath: m_RootOrder
      value: 19
      objectReference: {fileID: 0}
    m_RemovedComponents: []
  m_SourcePrefab: {fileID: 100100000, guid: 260ea4bf1ba71314c9c3833b491586bc, type: 3}
--- !u!4 &4869292425215065872 stripped
Transform:
  m_CorrespondingSourceObject: {fileID: 485062, guid: 260ea4bf1ba71314c9c3833b491586bc,
    type: 3}
  m_PrefabInstance: {fileID: 4869292425215400406}
  m_PrefabAsset: {fileID: 0}
--- !u!1001 &4869292425378102789
PrefabInstance:
  m_ObjectHideFlags: 0
  serializedVersion: 2
  m_Modification:
    m_TransformParent: {fileID: 5076109357845052311}
    m_Modifications:
    - target: {fileID: 198914, guid: 260ea4bf1ba71314c9c3833b491586bc, type: 3}
      propertyPath: m_Name
      value: SM_Env_Sidewalk_643
      objectReference: {fileID: 0}
    - target: {fileID: 485062, guid: 260ea4bf1ba71314c9c3833b491586bc, type: 3}
      propertyPath: m_LocalPosition.x
      value: -49.967
      objectReference: {fileID: 0}
    - target: {fileID: 485062, guid: 260ea4bf1ba71314c9c3833b491586bc, type: 3}
      propertyPath: m_LocalPosition.y
      value: 0
      objectReference: {fileID: 0}
    - target: {fileID: 485062, guid: 260ea4bf1ba71314c9c3833b491586bc, type: 3}
      propertyPath: m_LocalPosition.z
      value: -90.084
      objectReference: {fileID: 0}
    - target: {fileID: 485062, guid: 260ea4bf1ba71314c9c3833b491586bc, type: 3}
      propertyPath: m_LocalRotation.x
      value: -0
      objectReference: {fileID: 0}
    - target: {fileID: 485062, guid: 260ea4bf1ba71314c9c3833b491586bc, type: 3}
      propertyPath: m_LocalRotation.y
      value: -0
      objectReference: {fileID: 0}
    - target: {fileID: 485062, guid: 260ea4bf1ba71314c9c3833b491586bc, type: 3}
      propertyPath: m_LocalRotation.z
      value: -0
      objectReference: {fileID: 0}
    - target: {fileID: 485062, guid: 260ea4bf1ba71314c9c3833b491586bc, type: 3}
      propertyPath: m_LocalRotation.w
      value: 1
      objectReference: {fileID: 0}
    - target: {fileID: 485062, guid: 260ea4bf1ba71314c9c3833b491586bc, type: 3}
      propertyPath: m_RootOrder
      value: 18
      objectReference: {fileID: 0}
    m_RemovedComponents: []
  m_SourcePrefab: {fileID: 100100000, guid: 260ea4bf1ba71314c9c3833b491586bc, type: 3}
--- !u!4 &4869292425378404547 stripped
Transform:
  m_CorrespondingSourceObject: {fileID: 485062, guid: 260ea4bf1ba71314c9c3833b491586bc,
    type: 3}
  m_PrefabInstance: {fileID: 4869292425378102789}
  m_PrefabAsset: {fileID: 0}
--- !u!1001 &4869292425414763079
PrefabInstance:
  m_ObjectHideFlags: 0
  serializedVersion: 2
  m_Modification:
    m_TransformParent: {fileID: 5076109357845052311}
    m_Modifications:
    - target: {fileID: 198914, guid: 260ea4bf1ba71314c9c3833b491586bc, type: 3}
      propertyPath: m_Name
      value: SM_Env_Sidewalk_74
      objectReference: {fileID: 0}
    - target: {fileID: 485062, guid: 260ea4bf1ba71314c9c3833b491586bc, type: 3}
      propertyPath: m_LocalPosition.x
      value: -44.967
      objectReference: {fileID: 0}
    - target: {fileID: 485062, guid: 260ea4bf1ba71314c9c3833b491586bc, type: 3}
      propertyPath: m_LocalPosition.y
      value: 0
      objectReference: {fileID: 0}
    - target: {fileID: 485062, guid: 260ea4bf1ba71314c9c3833b491586bc, type: 3}
      propertyPath: m_LocalPosition.z
      value: -80.084
      objectReference: {fileID: 0}
    - target: {fileID: 485062, guid: 260ea4bf1ba71314c9c3833b491586bc, type: 3}
      propertyPath: m_LocalRotation.x
      value: -0
      objectReference: {fileID: 0}
    - target: {fileID: 485062, guid: 260ea4bf1ba71314c9c3833b491586bc, type: 3}
      propertyPath: m_LocalRotation.y
      value: -0
      objectReference: {fileID: 0}
    - target: {fileID: 485062, guid: 260ea4bf1ba71314c9c3833b491586bc, type: 3}
      propertyPath: m_LocalRotation.z
      value: -0
      objectReference: {fileID: 0}
    - target: {fileID: 485062, guid: 260ea4bf1ba71314c9c3833b491586bc, type: 3}
      propertyPath: m_LocalRotation.w
      value: 1
      objectReference: {fileID: 0}
    - target: {fileID: 485062, guid: 260ea4bf1ba71314c9c3833b491586bc, type: 3}
      propertyPath: m_RootOrder
      value: 24
      objectReference: {fileID: 0}
    m_RemovedComponents: []
  m_SourcePrefab: {fileID: 100100000, guid: 260ea4bf1ba71314c9c3833b491586bc, type: 3}
--- !u!4 &4869292425415197825 stripped
Transform:
  m_CorrespondingSourceObject: {fileID: 485062, guid: 260ea4bf1ba71314c9c3833b491586bc,
    type: 3}
  m_PrefabInstance: {fileID: 4869292425414763079}
  m_PrefabAsset: {fileID: 0}
--- !u!1001 &4869292425488999063
PrefabInstance:
  m_ObjectHideFlags: 0
  serializedVersion: 2
  m_Modification:
    m_TransformParent: {fileID: 5076109357845052311}
    m_Modifications:
    - target: {fileID: 110146, guid: aab301b5d4a9c1b4ab55351b46f6be40, type: 3}
      propertyPath: m_Name
      value: SM_Prop_PotPlant_16
      objectReference: {fileID: 0}
    - target: {fileID: 408088, guid: aab301b5d4a9c1b4ab55351b46f6be40, type: 3}
      propertyPath: m_LocalPosition.x
      value: -49.467
      objectReference: {fileID: 0}
    - target: {fileID: 408088, guid: aab301b5d4a9c1b4ab55351b46f6be40, type: 3}
      propertyPath: m_LocalPosition.y
      value: 0
      objectReference: {fileID: 0}
    - target: {fileID: 408088, guid: aab301b5d4a9c1b4ab55351b46f6be40, type: 3}
      propertyPath: m_LocalPosition.z
      value: -98.584
      objectReference: {fileID: 0}
    - target: {fileID: 408088, guid: aab301b5d4a9c1b4ab55351b46f6be40, type: 3}
      propertyPath: m_LocalRotation.x
      value: -0
      objectReference: {fileID: 0}
    - target: {fileID: 408088, guid: aab301b5d4a9c1b4ab55351b46f6be40, type: 3}
      propertyPath: m_LocalRotation.y
      value: -0
      objectReference: {fileID: 0}
    - target: {fileID: 408088, guid: aab301b5d4a9c1b4ab55351b46f6be40, type: 3}
      propertyPath: m_LocalRotation.z
      value: -0
      objectReference: {fileID: 0}
    - target: {fileID: 408088, guid: aab301b5d4a9c1b4ab55351b46f6be40, type: 3}
      propertyPath: m_LocalRotation.w
      value: 1
      objectReference: {fileID: 0}
    - target: {fileID: 408088, guid: aab301b5d4a9c1b4ab55351b46f6be40, type: 3}
      propertyPath: m_RootOrder
      value: 3
      objectReference: {fileID: 0}
    m_RemovedComponents: []
  m_SourcePrefab: {fileID: 100100000, guid: aab301b5d4a9c1b4ab55351b46f6be40, type: 3}
--- !u!4 &4869292425488865423 stripped
Transform:
  m_CorrespondingSourceObject: {fileID: 408088, guid: aab301b5d4a9c1b4ab55351b46f6be40,
    type: 3}
  m_PrefabInstance: {fileID: 4869292425488999063}
  m_PrefabAsset: {fileID: 0}
--- !u!1001 &4869292425549392438
PrefabInstance:
  m_ObjectHideFlags: 0
  serializedVersion: 2
  m_Modification:
    m_TransformParent: {fileID: 5076109357845052311}
    m_Modifications:
    - target: {fileID: 420876, guid: 7867ba7f5410daf41b58b5427b1d9554, type: 3}
      propertyPath: m_LocalPosition.x
      value: -51.967
      objectReference: {fileID: 0}
    - target: {fileID: 420876, guid: 7867ba7f5410daf41b58b5427b1d9554, type: 3}
      propertyPath: m_LocalPosition.y
      value: 0
      objectReference: {fileID: 0}
    - target: {fileID: 420876, guid: 7867ba7f5410daf41b58b5427b1d9554, type: 3}
      propertyPath: m_LocalPosition.z
      value: -90.084
      objectReference: {fileID: 0}
    - target: {fileID: 420876, guid: 7867ba7f5410daf41b58b5427b1d9554, type: 3}
      propertyPath: m_LocalRotation.x
      value: -0
      objectReference: {fileID: 0}
    - target: {fileID: 420876, guid: 7867ba7f5410daf41b58b5427b1d9554, type: 3}
      propertyPath: m_LocalRotation.y
      value: 0.7071062
      objectReference: {fileID: 0}
    - target: {fileID: 420876, guid: 7867ba7f5410daf41b58b5427b1d9554, type: 3}
      propertyPath: m_LocalRotation.z
      value: -0
      objectReference: {fileID: 0}
    - target: {fileID: 420876, guid: 7867ba7f5410daf41b58b5427b1d9554, type: 3}
      propertyPath: m_LocalRotation.w
      value: 0.7071075
      objectReference: {fileID: 0}
    - target: {fileID: 420876, guid: 7867ba7f5410daf41b58b5427b1d9554, type: 3}
      propertyPath: m_RootOrder
      value: 25
      objectReference: {fileID: 0}
    m_RemovedComponents: []
  m_SourcePrefab: {fileID: 100100000, guid: 7867ba7f5410daf41b58b5427b1d9554, type: 3}
--- !u!4 &4869292425549006394 stripped
Transform:
  m_CorrespondingSourceObject: {fileID: 420876, guid: 7867ba7f5410daf41b58b5427b1d9554,
    type: 3}
  m_PrefabInstance: {fileID: 4869292425549392438}
  m_PrefabAsset: {fileID: 0}
--- !u!1001 &4869292425561410160
PrefabInstance:
  m_ObjectHideFlags: 0
  serializedVersion: 2
  m_Modification:
    m_TransformParent: {fileID: 5076109357845052311}
    m_Modifications:
    - target: {fileID: 198914, guid: 260ea4bf1ba71314c9c3833b491586bc, type: 3}
      propertyPath: m_Name
      value: SM_Env_Sidewalk_641
      objectReference: {fileID: 0}
    - target: {fileID: 485062, guid: 260ea4bf1ba71314c9c3833b491586bc, type: 3}
      propertyPath: m_LocalPosition.x
      value: -44.967
      objectReference: {fileID: 0}
    - target: {fileID: 485062, guid: 260ea4bf1ba71314c9c3833b491586bc, type: 3}
      propertyPath: m_LocalPosition.y
      value: 0
      objectReference: {fileID: 0}
    - target: {fileID: 485062, guid: 260ea4bf1ba71314c9c3833b491586bc, type: 3}
      propertyPath: m_LocalPosition.z
      value: -85.084
      objectReference: {fileID: 0}
    - target: {fileID: 485062, guid: 260ea4bf1ba71314c9c3833b491586bc, type: 3}
      propertyPath: m_LocalRotation.x
      value: -0
      objectReference: {fileID: 0}
    - target: {fileID: 485062, guid: 260ea4bf1ba71314c9c3833b491586bc, type: 3}
      propertyPath: m_LocalRotation.y
      value: -0
      objectReference: {fileID: 0}
    - target: {fileID: 485062, guid: 260ea4bf1ba71314c9c3833b491586bc, type: 3}
      propertyPath: m_LocalRotation.z
      value: -0
      objectReference: {fileID: 0}
    - target: {fileID: 485062, guid: 260ea4bf1ba71314c9c3833b491586bc, type: 3}
      propertyPath: m_LocalRotation.w
      value: 1
      objectReference: {fileID: 0}
    - target: {fileID: 485062, guid: 260ea4bf1ba71314c9c3833b491586bc, type: 3}
      propertyPath: m_RootOrder
      value: 20
      objectReference: {fileID: 0}
    m_RemovedComponents: []
  m_SourcePrefab: {fileID: 100100000, guid: 260ea4bf1ba71314c9c3833b491586bc, type: 3}
--- !u!4 &4869292425561107638 stripped
Transform:
  m_CorrespondingSourceObject: {fileID: 485062, guid: 260ea4bf1ba71314c9c3833b491586bc,
    type: 3}
  m_PrefabInstance: {fileID: 4869292425561410160}
  m_PrefabAsset: {fileID: 0}
--- !u!1001 &4869292425688443883
PrefabInstance:
  m_ObjectHideFlags: 0
  serializedVersion: 2
  m_Modification:
    m_TransformParent: {fileID: 5076109357845052311}
    m_Modifications:
    - target: {fileID: 115500, guid: a5b72bb8afb9a3241ae5eb12007ad0ac, type: 3}
      propertyPath: m_Name
      value: SM_Prop_SidewalkPoles_16
      objectReference: {fileID: 0}
    - target: {fileID: 431104, guid: a5b72bb8afb9a3241ae5eb12007ad0ac, type: 3}
      propertyPath: m_LocalPosition.x
      value: -41.467
      objectReference: {fileID: 0}
    - target: {fileID: 431104, guid: a5b72bb8afb9a3241ae5eb12007ad0ac, type: 3}
      propertyPath: m_LocalPosition.y
      value: 0
      objectReference: {fileID: 0}
    - target: {fileID: 431104, guid: a5b72bb8afb9a3241ae5eb12007ad0ac, type: 3}
      propertyPath: m_LocalPosition.z
      value: -82.584
      objectReference: {fileID: 0}
    - target: {fileID: 431104, guid: a5b72bb8afb9a3241ae5eb12007ad0ac, type: 3}
      propertyPath: m_LocalRotation.x
      value: -0
      objectReference: {fileID: 0}
    - target: {fileID: 431104, guid: a5b72bb8afb9a3241ae5eb12007ad0ac, type: 3}
      propertyPath: m_LocalRotation.y
      value: 0.707106
      objectReference: {fileID: 0}
    - target: {fileID: 431104, guid: a5b72bb8afb9a3241ae5eb12007ad0ac, type: 3}
      propertyPath: m_LocalRotation.z
      value: -0
      objectReference: {fileID: 0}
    - target: {fileID: 431104, guid: a5b72bb8afb9a3241ae5eb12007ad0ac, type: 3}
      propertyPath: m_LocalRotation.w
      value: 0.7071076
      objectReference: {fileID: 0}
    - target: {fileID: 431104, guid: a5b72bb8afb9a3241ae5eb12007ad0ac, type: 3}
      propertyPath: m_RootOrder
      value: 21
      objectReference: {fileID: 0}
    m_RemovedComponents: []
  m_SourcePrefab: {fileID: 100100000, guid: a5b72bb8afb9a3241ae5eb12007ad0ac, type: 3}
--- !u!4 &4869292425688809451 stripped
Transform:
  m_CorrespondingSourceObject: {fileID: 431104, guid: a5b72bb8afb9a3241ae5eb12007ad0ac,
    type: 3}
  m_PrefabInstance: {fileID: 4869292425688443883}
  m_PrefabAsset: {fileID: 0}
--- !u!1001 &4869292425820870701
PrefabInstance:
  m_ObjectHideFlags: 0
  serializedVersion: 2
  m_Modification:
    m_TransformParent: {fileID: 5076109357845052311}
    m_Modifications:
    - target: {fileID: 110146, guid: aab301b5d4a9c1b4ab55351b46f6be40, type: 3}
      propertyPath: m_Name
      value: SM_Prop_PotPlant_04
      objectReference: {fileID: 0}
    - target: {fileID: 408088, guid: aab301b5d4a9c1b4ab55351b46f6be40, type: 3}
      propertyPath: m_LocalPosition.x
      value: -49.467
      objectReference: {fileID: 0}
    - target: {fileID: 408088, guid: aab301b5d4a9c1b4ab55351b46f6be40, type: 3}
      propertyPath: m_LocalPosition.y
      value: 0
      objectReference: {fileID: 0}
    - target: {fileID: 408088, guid: aab301b5d4a9c1b4ab55351b46f6be40, type: 3}
      propertyPath: m_LocalPosition.z
      value: -83.584
      objectReference: {fileID: 0}
    - target: {fileID: 408088, guid: aab301b5d4a9c1b4ab55351b46f6be40, type: 3}
      propertyPath: m_LocalRotation.x
      value: -0
      objectReference: {fileID: 0}
    - target: {fileID: 408088, guid: aab301b5d4a9c1b4ab55351b46f6be40, type: 3}
      propertyPath: m_LocalRotation.y
      value: -0
      objectReference: {fileID: 0}
    - target: {fileID: 408088, guid: aab301b5d4a9c1b4ab55351b46f6be40, type: 3}
      propertyPath: m_LocalRotation.z
      value: -0
      objectReference: {fileID: 0}
    - target: {fileID: 408088, guid: aab301b5d4a9c1b4ab55351b46f6be40, type: 3}
      propertyPath: m_LocalRotation.w
      value: 1
      objectReference: {fileID: 0}
    - target: {fileID: 408088, guid: aab301b5d4a9c1b4ab55351b46f6be40, type: 3}
      propertyPath: m_RootOrder
      value: 7
      objectReference: {fileID: 0}
    m_RemovedComponents: []
  m_SourcePrefab: {fileID: 100100000, guid: aab301b5d4a9c1b4ab55351b46f6be40, type: 3}
--- !u!4 &4869292425820742197 stripped
Transform:
  m_CorrespondingSourceObject: {fileID: 408088, guid: aab301b5d4a9c1b4ab55351b46f6be40,
    type: 3}
  m_PrefabInstance: {fileID: 4869292425820870701}
  m_PrefabAsset: {fileID: 0}
--- !u!1001 &4869292425827204968
PrefabInstance:
  m_ObjectHideFlags: 0
  serializedVersion: 2
  m_Modification:
    m_TransformParent: {fileID: 5076109357845052311}
    m_Modifications:
    - target: {fileID: 198914, guid: 260ea4bf1ba71314c9c3833b491586bc, type: 3}
      propertyPath: m_Name
      value: SM_Env_Sidewalk_649
      objectReference: {fileID: 0}
    - target: {fileID: 485062, guid: 260ea4bf1ba71314c9c3833b491586bc, type: 3}
      propertyPath: m_LocalPosition.x
      value: -54.967
      objectReference: {fileID: 0}
    - target: {fileID: 485062, guid: 260ea4bf1ba71314c9c3833b491586bc, type: 3}
      propertyPath: m_LocalPosition.y
      value: 0
      objectReference: {fileID: 0}
    - target: {fileID: 485062, guid: 260ea4bf1ba71314c9c3833b491586bc, type: 3}
      propertyPath: m_LocalPosition.z
      value: -85.084
      objectReference: {fileID: 0}
    - target: {fileID: 485062, guid: 260ea4bf1ba71314c9c3833b491586bc, type: 3}
      propertyPath: m_LocalRotation.x
      value: -0
      objectReference: {fileID: 0}
    - target: {fileID: 485062, guid: 260ea4bf1ba71314c9c3833b491586bc, type: 3}
      propertyPath: m_LocalRotation.y
      value: -0
      objectReference: {fileID: 0}
    - target: {fileID: 485062, guid: 260ea4bf1ba71314c9c3833b491586bc, type: 3}
      propertyPath: m_LocalRotation.z
      value: -0
      objectReference: {fileID: 0}
    - target: {fileID: 485062, guid: 260ea4bf1ba71314c9c3833b491586bc, type: 3}
      propertyPath: m_LocalRotation.w
      value: 1
      objectReference: {fileID: 0}
    - target: {fileID: 485062, guid: 260ea4bf1ba71314c9c3833b491586bc, type: 3}
      propertyPath: m_RootOrder
      value: 15
      objectReference: {fileID: 0}
    m_RemovedComponents: []
  m_SourcePrefab: {fileID: 100100000, guid: 260ea4bf1ba71314c9c3833b491586bc, type: 3}
--- !u!4 &4869292425826884014 stripped
Transform:
  m_CorrespondingSourceObject: {fileID: 485062, guid: 260ea4bf1ba71314c9c3833b491586bc,
    type: 3}
  m_PrefabInstance: {fileID: 4869292425827204968}
  m_PrefabAsset: {fileID: 0}
--- !u!1001 &4869292425849017360
PrefabInstance:
  m_ObjectHideFlags: 0
  serializedVersion: 2
  m_Modification:
    m_TransformParent: {fileID: 5076109357845052311}
    m_Modifications:
    - target: {fileID: 110146, guid: aab301b5d4a9c1b4ab55351b46f6be40, type: 3}
      propertyPath: m_Name
      value: SM_Prop_PotPlant_15
      objectReference: {fileID: 0}
    - target: {fileID: 408088, guid: aab301b5d4a9c1b4ab55351b46f6be40, type: 3}
      propertyPath: m_LocalPosition.x
      value: -49.467
      objectReference: {fileID: 0}
    - target: {fileID: 408088, guid: aab301b5d4a9c1b4ab55351b46f6be40, type: 3}
      propertyPath: m_LocalPosition.y
      value: 0
      objectReference: {fileID: 0}
    - target: {fileID: 408088, guid: aab301b5d4a9c1b4ab55351b46f6be40, type: 3}
      propertyPath: m_LocalPosition.z
      value: -97.584
      objectReference: {fileID: 0}
    - target: {fileID: 408088, guid: aab301b5d4a9c1b4ab55351b46f6be40, type: 3}
      propertyPath: m_LocalRotation.x
      value: -0
      objectReference: {fileID: 0}
    - target: {fileID: 408088, guid: aab301b5d4a9c1b4ab55351b46f6be40, type: 3}
      propertyPath: m_LocalRotation.y
      value: 0.830939
      objectReference: {fileID: 0}
    - target: {fileID: 408088, guid: aab301b5d4a9c1b4ab55351b46f6be40, type: 3}
      propertyPath: m_LocalRotation.z
      value: -0
      objectReference: {fileID: 0}
    - target: {fileID: 408088, guid: aab301b5d4a9c1b4ab55351b46f6be40, type: 3}
      propertyPath: m_LocalRotation.w
      value: 0.5563636
      objectReference: {fileID: 0}
    - target: {fileID: 408088, guid: aab301b5d4a9c1b4ab55351b46f6be40, type: 3}
      propertyPath: m_RootOrder
      value: 4
      objectReference: {fileID: 0}
    m_RemovedComponents: []
  m_SourcePrefab: {fileID: 100100000, guid: aab301b5d4a9c1b4ab55351b46f6be40, type: 3}
--- !u!4 &4869292425849155080 stripped
Transform:
  m_CorrespondingSourceObject: {fileID: 408088, guid: aab301b5d4a9c1b4ab55351b46f6be40,
    type: 3}
  m_PrefabInstance: {fileID: 4869292425849017360}
  m_PrefabAsset: {fileID: 0}
--- !u!1001 &4869292425861731146
PrefabInstance:
  m_ObjectHideFlags: 0
  serializedVersion: 2
  m_Modification:
    m_TransformParent: {fileID: 5076109357845052311}
    m_Modifications:
    - target: {fileID: 121442, guid: 17fd2c85588a1954eb295a34c9775577, type: 3}
      propertyPath: m_Name
      value: SM_Prop_Mailbox_10
      objectReference: {fileID: 0}
    - target: {fileID: 467268, guid: 17fd2c85588a1954eb295a34c9775577, type: 3}
      propertyPath: m_LocalPosition.x
      value: -46.467
      objectReference: {fileID: 0}
    - target: {fileID: 467268, guid: 17fd2c85588a1954eb295a34c9775577, type: 3}
      propertyPath: m_LocalPosition.y
      value: 0
      objectReference: {fileID: 0}
    - target: {fileID: 467268, guid: 17fd2c85588a1954eb295a34c9775577, type: 3}
      propertyPath: m_LocalPosition.z
      value: -76.584
      objectReference: {fileID: 0}
    - target: {fileID: 467268, guid: 17fd2c85588a1954eb295a34c9775577, type: 3}
      propertyPath: m_LocalRotation.x
      value: -0
      objectReference: {fileID: 0}
    - target: {fileID: 467268, guid: 17fd2c85588a1954eb295a34c9775577, type: 3}
      propertyPath: m_LocalRotation.y
      value: -0
      objectReference: {fileID: 0}
    - target: {fileID: 467268, guid: 17fd2c85588a1954eb295a34c9775577, type: 3}
      propertyPath: m_LocalRotation.z
      value: -0
      objectReference: {fileID: 0}
    - target: {fileID: 467268, guid: 17fd2c85588a1954eb295a34c9775577, type: 3}
      propertyPath: m_LocalRotation.w
      value: 1
      objectReference: {fileID: 0}
    - target: {fileID: 467268, guid: 17fd2c85588a1954eb295a34c9775577, type: 3}
      propertyPath: m_RootOrder
      value: 9
      objectReference: {fileID: 0}
    m_RemovedComponents: []
  m_SourcePrefab: {fileID: 100100000, guid: 17fd2c85588a1954eb295a34c9775577, type: 3}
--- !u!4 &4869292425861542414 stripped
Transform:
  m_CorrespondingSourceObject: {fileID: 467268, guid: 17fd2c85588a1954eb295a34c9775577,
    type: 3}
  m_PrefabInstance: {fileID: 4869292425861731146}
  m_PrefabAsset: {fileID: 0}
--- !u!1001 &4869292425885082811
PrefabInstance:
  m_ObjectHideFlags: 0
  serializedVersion: 2
  m_Modification:
    m_TransformParent: {fileID: 5076109357845052311}
    m_Modifications:
    - target: {fileID: 171374, guid: 94a7e311b5cf22f4898fa342bfef126e, type: 3}
      propertyPath: m_Name
      value: SM_Prop_ParkingMeter_08
      objectReference: {fileID: 0}
    - target: {fileID: 481994, guid: 94a7e311b5cf22f4898fa342bfef126e, type: 3}
      propertyPath: m_LocalPosition.x
      value: -41.967
      objectReference: {fileID: 0}
    - target: {fileID: 481994, guid: 94a7e311b5cf22f4898fa342bfef126e, type: 3}
      propertyPath: m_LocalPosition.y
      value: 0
      objectReference: {fileID: 0}
    - target: {fileID: 481994, guid: 94a7e311b5cf22f4898fa342bfef126e, type: 3}
      propertyPath: m_LocalPosition.z
      value: -97.584
      objectReference: {fileID: 0}
    - target: {fileID: 481994, guid: 94a7e311b5cf22f4898fa342bfef126e, type: 3}
      propertyPath: m_LocalRotation.x
      value: -0
      objectReference: {fileID: 0}
    - target: {fileID: 481994, guid: 94a7e311b5cf22f4898fa342bfef126e, type: 3}
      propertyPath: m_LocalRotation.y
      value: 0.707106
      objectReference: {fileID: 0}
    - target: {fileID: 481994, guid: 94a7e311b5cf22f4898fa342bfef126e, type: 3}
      propertyPath: m_LocalRotation.z
      value: -0
      objectReference: {fileID: 0}
    - target: {fileID: 481994, guid: 94a7e311b5cf22f4898fa342bfef126e, type: 3}
      propertyPath: m_LocalRotation.w
      value: 0.7071076
      objectReference: {fileID: 0}
    - target: {fileID: 481994, guid: 94a7e311b5cf22f4898fa342bfef126e, type: 3}
      propertyPath: m_RootOrder
      value: 2
      objectReference: {fileID: 0}
    m_RemovedComponents: []
  m_SourcePrefab: {fileID: 100100000, guid: 94a7e311b5cf22f4898fa342bfef126e, type: 3}
--- !u!4 &4869292425885400689 stripped
Transform:
  m_CorrespondingSourceObject: {fileID: 481994, guid: 94a7e311b5cf22f4898fa342bfef126e,
    type: 3}
  m_PrefabInstance: {fileID: 4869292425885082811}
  m_PrefabAsset: {fileID: 0}
--- !u!1001 &4869292426186507826
PrefabInstance:
  m_ObjectHideFlags: 0
  serializedVersion: 2
  m_Modification:
    m_TransformParent: {fileID: 5076109357845052311}
    m_Modifications:
    - target: {fileID: 122982, guid: 7518e6d86c572544cb2f51453141465f, type: 3}
      propertyPath: m_Name
      value: SM_Prop_SatDish_09
      objectReference: {fileID: 0}
    - target: {fileID: 453012, guid: 7518e6d86c572544cb2f51453141465f, type: 3}
      propertyPath: m_LocalPosition.x
      value: -50.967
      objectReference: {fileID: 0}
    - target: {fileID: 453012, guid: 7518e6d86c572544cb2f51453141465f, type: 3}
      propertyPath: m_LocalPosition.y
      value: 7.5
      objectReference: {fileID: 0}
    - target: {fileID: 453012, guid: 7518e6d86c572544cb2f51453141465f, type: 3}
      propertyPath: m_LocalPosition.z
      value: -81.084
      objectReference: {fileID: 0}
    - target: {fileID: 453012, guid: 7518e6d86c572544cb2f51453141465f, type: 3}
      propertyPath: m_LocalRotation.x
      value: -0
      objectReference: {fileID: 0}
    - target: {fileID: 453012, guid: 7518e6d86c572544cb2f51453141465f, type: 3}
      propertyPath: m_LocalRotation.y
      value: -0
      objectReference: {fileID: 0}
    - target: {fileID: 453012, guid: 7518e6d86c572544cb2f51453141465f, type: 3}
      propertyPath: m_LocalRotation.z
      value: -0
      objectReference: {fileID: 0}
    - target: {fileID: 453012, guid: 7518e6d86c572544cb2f51453141465f, type: 3}
      propertyPath: m_LocalRotation.w
      value: 1
      objectReference: {fileID: 0}
    - target: {fileID: 453012, guid: 7518e6d86c572544cb2f51453141465f, type: 3}
      propertyPath: m_RootOrder
      value: 8
      objectReference: {fileID: 0}
    m_RemovedComponents: []
  m_SourcePrefab: {fileID: 100100000, guid: 7518e6d86c572544cb2f51453141465f, type: 3}
--- !u!4 &4869292426186862502 stripped
Transform:
  m_CorrespondingSourceObject: {fileID: 453012, guid: 7518e6d86c572544cb2f51453141465f,
    type: 3}
  m_PrefabInstance: {fileID: 4869292426186507826}
  m_PrefabAsset: {fileID: 0}
--- !u!1001 &4869292426296180518
PrefabInstance:
  m_ObjectHideFlags: 0
  serializedVersion: 2
  m_Modification:
    m_TransformParent: {fileID: 5076109357845052311}
    m_Modifications:
    - target: {fileID: 110146, guid: aab301b5d4a9c1b4ab55351b46f6be40, type: 3}
      propertyPath: m_Name
      value: SM_Prop_PotPlant_06
      objectReference: {fileID: 0}
    - target: {fileID: 408088, guid: aab301b5d4a9c1b4ab55351b46f6be40, type: 3}
      propertyPath: m_LocalPosition.x
      value: -49.467
      objectReference: {fileID: 0}
    - target: {fileID: 408088, guid: aab301b5d4a9c1b4ab55351b46f6be40, type: 3}
      propertyPath: m_LocalPosition.y
      value: 0
      objectReference: {fileID: 0}
    - target: {fileID: 408088, guid: aab301b5d4a9c1b4ab55351b46f6be40, type: 3}
      propertyPath: m_LocalPosition.z
      value: -81.584
      objectReference: {fileID: 0}
    - target: {fileID: 408088, guid: aab301b5d4a9c1b4ab55351b46f6be40, type: 3}
      propertyPath: m_LocalRotation.x
      value: -0
      objectReference: {fileID: 0}
    - target: {fileID: 408088, guid: aab301b5d4a9c1b4ab55351b46f6be40, type: 3}
      propertyPath: m_LocalRotation.y
      value: 0.997757
      objectReference: {fileID: 0}
    - target: {fileID: 408088, guid: aab301b5d4a9c1b4ab55351b46f6be40, type: 3}
      propertyPath: m_LocalRotation.z
      value: -0
      objectReference: {fileID: 0}
    - target: {fileID: 408088, guid: aab301b5d4a9c1b4ab55351b46f6be40, type: 3}
      propertyPath: m_LocalRotation.w
      value: 0.066940024
      objectReference: {fileID: 0}
    - target: {fileID: 408088, guid: aab301b5d4a9c1b4ab55351b46f6be40, type: 3}
      propertyPath: m_RootOrder
      value: 6
      objectReference: {fileID: 0}
    m_RemovedComponents: []
  m_SourcePrefab: {fileID: 100100000, guid: aab301b5d4a9c1b4ab55351b46f6be40, type: 3}
--- !u!4 &4869292426296296766 stripped
Transform:
  m_CorrespondingSourceObject: {fileID: 408088, guid: aab301b5d4a9c1b4ab55351b46f6be40,
    type: 3}
  m_PrefabInstance: {fileID: 4869292426296180518}
  m_PrefabAsset: {fileID: 0}
--- !u!1001 &4869292426387913887
PrefabInstance:
  m_ObjectHideFlags: 0
  serializedVersion: 2
  m_Modification:
    m_TransformParent: {fileID: 5076109357845052311}
    m_Modifications:
    - target: {fileID: 110146, guid: aab301b5d4a9c1b4ab55351b46f6be40, type: 3}
      propertyPath: m_Name
      value: SM_Prop_PotPlant_14
      objectReference: {fileID: 0}
    - target: {fileID: 408088, guid: aab301b5d4a9c1b4ab55351b46f6be40, type: 3}
      propertyPath: m_LocalPosition.x
      value: -49.467
      objectReference: {fileID: 0}
    - target: {fileID: 408088, guid: aab301b5d4a9c1b4ab55351b46f6be40, type: 3}
      propertyPath: m_LocalPosition.y
      value: 0
      objectReference: {fileID: 0}
    - target: {fileID: 408088, guid: aab301b5d4a9c1b4ab55351b46f6be40, type: 3}
      propertyPath: m_LocalPosition.z
      value: -96.584
      objectReference: {fileID: 0}
    - target: {fileID: 408088, guid: aab301b5d4a9c1b4ab55351b46f6be40, type: 3}
      propertyPath: m_LocalRotation.x
      value: -0
      objectReference: {fileID: 0}
    - target: {fileID: 408088, guid: aab301b5d4a9c1b4ab55351b46f6be40, type: 3}
      propertyPath: m_LocalRotation.y
      value: 0.997757
      objectReference: {fileID: 0}
    - target: {fileID: 408088, guid: aab301b5d4a9c1b4ab55351b46f6be40, type: 3}
      propertyPath: m_LocalRotation.z
      value: -0
      objectReference: {fileID: 0}
    - target: {fileID: 408088, guid: aab301b5d4a9c1b4ab55351b46f6be40, type: 3}
      propertyPath: m_LocalRotation.w
      value: 0.066940024
      objectReference: {fileID: 0}
    - target: {fileID: 408088, guid: aab301b5d4a9c1b4ab55351b46f6be40, type: 3}
      propertyPath: m_RootOrder
      value: 5
      objectReference: {fileID: 0}
    m_RemovedComponents: []
  m_SourcePrefab: {fileID: 100100000, guid: aab301b5d4a9c1b4ab55351b46f6be40, type: 3}
--- !u!4 &4869292426388293255 stripped
Transform:
  m_CorrespondingSourceObject: {fileID: 408088, guid: aab301b5d4a9c1b4ab55351b46f6be40,
    type: 3}
  m_PrefabInstance: {fileID: 4869292426387913887}
  m_PrefabAsset: {fileID: 0}
--- !u!1001 &4869292426407407971
PrefabInstance:
  m_ObjectHideFlags: 0
  serializedVersion: 2
  m_Modification:
    m_TransformParent: {fileID: 5076109357845052311}
    m_Modifications:
    - target: {fileID: 490068, guid: 916be2ac89687b0458f9c3b7759c3248, type: 3}
      propertyPath: m_LocalPosition.x
      value: -59.967
      objectReference: {fileID: 0}
    - target: {fileID: 490068, guid: 916be2ac89687b0458f9c3b7759c3248, type: 3}
      propertyPath: m_LocalPosition.y
      value: 0
      objectReference: {fileID: 0}
    - target: {fileID: 490068, guid: 916be2ac89687b0458f9c3b7759c3248, type: 3}
      propertyPath: m_LocalPosition.z
      value: -76.084
      objectReference: {fileID: 0}
    - target: {fileID: 490068, guid: 916be2ac89687b0458f9c3b7759c3248, type: 3}
      propertyPath: m_LocalRotation.x
      value: -0
      objectReference: {fileID: 0}
    - target: {fileID: 490068, guid: 916be2ac89687b0458f9c3b7759c3248, type: 3}
      propertyPath: m_LocalRotation.y
      value: 1
      objectReference: {fileID: 0}
    - target: {fileID: 490068, guid: 916be2ac89687b0458f9c3b7759c3248, type: 3}
      propertyPath: m_LocalRotation.z
      value: -0
      objectReference: {fileID: 0}
    - target: {fileID: 490068, guid: 916be2ac89687b0458f9c3b7759c3248, type: 3}
      propertyPath: m_LocalRotation.w
      value: -0.0000019957633
      objectReference: {fileID: 0}
    - target: {fileID: 490068, guid: 916be2ac89687b0458f9c3b7759c3248, type: 3}
      propertyPath: m_RootOrder
      value: 22
      objectReference: {fileID: 0}
    m_RemovedComponents: []
  m_SourcePrefab: {fileID: 100100000, guid: 916be2ac89687b0458f9c3b7759c3248, type: 3}
--- !u!4 &4869292426407447351 stripped
Transform:
  m_CorrespondingSourceObject: {fileID: 490068, guid: 916be2ac89687b0458f9c3b7759c3248,
    type: 3}
  m_PrefabInstance: {fileID: 4869292426407407971}
  m_PrefabAsset: {fileID: 0}
--- !u!1001 &4869292426679001436
PrefabInstance:
  m_ObjectHideFlags: 0
  serializedVersion: 2
  m_Modification:
    m_TransformParent: {fileID: 5076109357845052311}
    m_Modifications:
    - target: {fileID: 198914, guid: 260ea4bf1ba71314c9c3833b491586bc, type: 3}
      propertyPath: m_Name
      value: SM_Env_Sidewalk_648
      objectReference: {fileID: 0}
    - target: {fileID: 485062, guid: 260ea4bf1ba71314c9c3833b491586bc, type: 3}
      propertyPath: m_LocalPosition.x
      value: -54.967
      objectReference: {fileID: 0}
    - target: {fileID: 485062, guid: 260ea4bf1ba71314c9c3833b491586bc, type: 3}
      propertyPath: m_LocalPosition.y
      value: 0
      objectReference: {fileID: 0}
    - target: {fileID: 485062, guid: 260ea4bf1ba71314c9c3833b491586bc, type: 3}
      propertyPath: m_LocalPosition.z
      value: -90.084
      objectReference: {fileID: 0}
    - target: {fileID: 485062, guid: 260ea4bf1ba71314c9c3833b491586bc, type: 3}
      propertyPath: m_LocalRotation.x
      value: -0
      objectReference: {fileID: 0}
    - target: {fileID: 485062, guid: 260ea4bf1ba71314c9c3833b491586bc, type: 3}
      propertyPath: m_LocalRotation.y
      value: -0
      objectReference: {fileID: 0}
    - target: {fileID: 485062, guid: 260ea4bf1ba71314c9c3833b491586bc, type: 3}
      propertyPath: m_LocalRotation.z
      value: -0
      objectReference: {fileID: 0}
    - target: {fileID: 485062, guid: 260ea4bf1ba71314c9c3833b491586bc, type: 3}
      propertyPath: m_LocalRotation.w
      value: 1
      objectReference: {fileID: 0}
    - target: {fileID: 485062, guid: 260ea4bf1ba71314c9c3833b491586bc, type: 3}
      propertyPath: m_RootOrder
      value: 16
      objectReference: {fileID: 0}
    m_RemovedComponents: []
  m_SourcePrefab: {fileID: 100100000, guid: 260ea4bf1ba71314c9c3833b491586bc, type: 3}
--- !u!4 &4869292426679076762 stripped
Transform:
  m_CorrespondingSourceObject: {fileID: 485062, guid: 260ea4bf1ba71314c9c3833b491586bc,
    type: 3}
  m_PrefabInstance: {fileID: 4869292426679001436}
  m_PrefabAsset: {fileID: 0}
--- !u!1001 &4869292426894810551
PrefabInstance:
  m_ObjectHideFlags: 0
  serializedVersion: 2
  m_Modification:
    m_TransformParent: {fileID: 5076109357845052311}
    m_Modifications:
    - target: {fileID: 198914, guid: 260ea4bf1ba71314c9c3833b491586bc, type: 3}
      propertyPath: m_Name
      value: SM_Env_Sidewalk_75
      objectReference: {fileID: 0}
    - target: {fileID: 485062, guid: 260ea4bf1ba71314c9c3833b491586bc, type: 3}
      propertyPath: m_LocalPosition.x
      value: -44.967
      objectReference: {fileID: 0}
    - target: {fileID: 485062, guid: 260ea4bf1ba71314c9c3833b491586bc, type: 3}
      propertyPath: m_LocalPosition.y
      value: 0
      objectReference: {fileID: 0}
    - target: {fileID: 485062, guid: 260ea4bf1ba71314c9c3833b491586bc, type: 3}
      propertyPath: m_LocalPosition.z
      value: -95.084
      objectReference: {fileID: 0}
    - target: {fileID: 485062, guid: 260ea4bf1ba71314c9c3833b491586bc, type: 3}
      propertyPath: m_LocalRotation.x
      value: -0
      objectReference: {fileID: 0}
    - target: {fileID: 485062, guid: 260ea4bf1ba71314c9c3833b491586bc, type: 3}
      propertyPath: m_LocalRotation.y
      value: -0
      objectReference: {fileID: 0}
    - target: {fileID: 485062, guid: 260ea4bf1ba71314c9c3833b491586bc, type: 3}
      propertyPath: m_LocalRotation.z
      value: -0
      objectReference: {fileID: 0}
    - target: {fileID: 485062, guid: 260ea4bf1ba71314c9c3833b491586bc, type: 3}
      propertyPath: m_LocalRotation.w
      value: 1
      objectReference: {fileID: 0}
    - target: {fileID: 485062, guid: 260ea4bf1ba71314c9c3833b491586bc, type: 3}
      propertyPath: m_RootOrder
      value: 23
      objectReference: {fileID: 0}
    m_RemovedComponents: []
  m_SourcePrefab: {fileID: 100100000, guid: 260ea4bf1ba71314c9c3833b491586bc, type: 3}
--- !u!4 &4869292426895293297 stripped
Transform:
  m_CorrespondingSourceObject: {fileID: 485062, guid: 260ea4bf1ba71314c9c3833b491586bc,
    type: 3}
  m_PrefabInstance: {fileID: 4869292426894810551}
  m_PrefabAsset: {fileID: 0}
--- !u!1001 &4869292426954511696
PrefabInstance:
  m_ObjectHideFlags: 0
  serializedVersion: 2
  m_Modification:
    m_TransformParent: {fileID: 5076109357845052311}
    m_Modifications:
    - target: {fileID: 159104, guid: 11a167f53a2c97047a282aec51d34096, type: 3}
      propertyPath: m_Name
      value: SM_Prop_Sign_Parking_03
      objectReference: {fileID: 0}
    - target: {fileID: 453024, guid: 11a167f53a2c97047a282aec51d34096, type: 3}
      propertyPath: m_LocalPosition.x
      value: -41.467
      objectReference: {fileID: 0}
    - target: {fileID: 453024, guid: 11a167f53a2c97047a282aec51d34096, type: 3}
      propertyPath: m_LocalPosition.y
      value: 0
      objectReference: {fileID: 0}
    - target: {fileID: 453024, guid: 11a167f53a2c97047a282aec51d34096, type: 3}
      propertyPath: m_LocalPosition.z
      value: -85.084
      objectReference: {fileID: 0}
    - target: {fileID: 453024, guid: 11a167f53a2c97047a282aec51d34096, type: 3}
      propertyPath: m_LocalRotation.x
      value: -0
      objectReference: {fileID: 0}
    - target: {fileID: 453024, guid: 11a167f53a2c97047a282aec51d34096, type: 3}
      propertyPath: m_LocalRotation.y
      value: 0.707106
      objectReference: {fileID: 0}
    - target: {fileID: 453024, guid: 11a167f53a2c97047a282aec51d34096, type: 3}
      propertyPath: m_LocalRotation.z
      value: -0
      objectReference: {fileID: 0}
    - target: {fileID: 453024, guid: 11a167f53a2c97047a282aec51d34096, type: 3}
      propertyPath: m_LocalRotation.w
      value: 0.7071076
      objectReference: {fileID: 0}
    - target: {fileID: 453024, guid: 11a167f53a2c97047a282aec51d34096, type: 3}
      propertyPath: m_RootOrder
      value: 0
      objectReference: {fileID: 0}
    m_RemovedComponents: []
  m_SourcePrefab: {fileID: 100100000, guid: 11a167f53a2c97047a282aec51d34096, type: 3}
--- !u!4 &4869292426954112240 stripped
Transform:
  m_CorrespondingSourceObject: {fileID: 453024, guid: 11a167f53a2c97047a282aec51d34096,
    type: 3}
  m_PrefabInstance: {fileID: 4869292426954511696}
  m_PrefabAsset: {fileID: 0}
--- !u!1001 &4869292426969222151
PrefabInstance:
  m_ObjectHideFlags: 0
  serializedVersion: 2
  m_Modification:
    m_TransformParent: {fileID: 5076109357845052311}
    m_Modifications:
    - target: {fileID: 198914, guid: 260ea4bf1ba71314c9c3833b491586bc, type: 3}
      propertyPath: m_Name
      value: SM_Env_Sidewalk_646
      objectReference: {fileID: 0}
    - target: {fileID: 485062, guid: 260ea4bf1ba71314c9c3833b491586bc, type: 3}
      propertyPath: m_LocalPosition.x
      value: -54.967
      objectReference: {fileID: 0}
    - target: {fileID: 485062, guid: 260ea4bf1ba71314c9c3833b491586bc, type: 3}
      propertyPath: m_LocalPosition.y
      value: 0
      objectReference: {fileID: 0}
    - target: {fileID: 485062, guid: 260ea4bf1ba71314c9c3833b491586bc, type: 3}
      propertyPath: m_LocalPosition.z
      value: -95.084
      objectReference: {fileID: 0}
    - target: {fileID: 485062, guid: 260ea4bf1ba71314c9c3833b491586bc, type: 3}
      propertyPath: m_LocalRotation.x
      value: -0
      objectReference: {fileID: 0}
    - target: {fileID: 485062, guid: 260ea4bf1ba71314c9c3833b491586bc, type: 3}
      propertyPath: m_LocalRotation.y
      value: -0
      objectReference: {fileID: 0}
    - target: {fileID: 485062, guid: 260ea4bf1ba71314c9c3833b491586bc, type: 3}
      propertyPath: m_LocalRotation.z
      value: -0
      objectReference: {fileID: 0}
    - target: {fileID: 485062, guid: 260ea4bf1ba71314c9c3833b491586bc, type: 3}
      propertyPath: m_LocalRotation.w
      value: 1
      objectReference: {fileID: 0}
    - target: {fileID: 485062, guid: 260ea4bf1ba71314c9c3833b491586bc, type: 3}
      propertyPath: m_RootOrder
      value: 10
      objectReference: {fileID: 0}
    m_RemovedComponents: []
  m_SourcePrefab: {fileID: 100100000, guid: 260ea4bf1ba71314c9c3833b491586bc, type: 3}
--- !u!4 &4869292426969705153 stripped
Transform:
  m_CorrespondingSourceObject: {fileID: 485062, guid: 260ea4bf1ba71314c9c3833b491586bc,
    type: 3}
  m_PrefabInstance: {fileID: 4869292426969222151}
  m_PrefabAsset: {fileID: 0}
--- !u!1001 &4869292426970414089
PrefabInstance:
  m_ObjectHideFlags: 0
  serializedVersion: 2
  m_Modification:
    m_TransformParent: {fileID: 5076109357845052311}
    m_Modifications:
    - target: {fileID: 110146, guid: aab301b5d4a9c1b4ab55351b46f6be40, type: 3}
      propertyPath: m_Name
      value: SM_Prop_PotPlant_05
      objectReference: {fileID: 0}
    - target: {fileID: 408088, guid: aab301b5d4a9c1b4ab55351b46f6be40, type: 3}
      propertyPath: m_LocalPosition.x
      value: -49.467
      objectReference: {fileID: 0}
    - target: {fileID: 408088, guid: aab301b5d4a9c1b4ab55351b46f6be40, type: 3}
      propertyPath: m_LocalPosition.y
      value: 0
      objectReference: {fileID: 0}
    - target: {fileID: 408088, guid: aab301b5d4a9c1b4ab55351b46f6be40, type: 3}
      propertyPath: m_LocalPosition.z
      value: -82.584
      objectReference: {fileID: 0}
    - target: {fileID: 408088, guid: aab301b5d4a9c1b4ab55351b46f6be40, type: 3}
      propertyPath: m_LocalRotation.x
      value: -0
      objectReference: {fileID: 0}
    - target: {fileID: 408088, guid: aab301b5d4a9c1b4ab55351b46f6be40, type: 3}
      propertyPath: m_LocalRotation.y
      value: 0.830939
      objectReference: {fileID: 0}
    - target: {fileID: 408088, guid: aab301b5d4a9c1b4ab55351b46f6be40, type: 3}
      propertyPath: m_LocalRotation.z
      value: -0
      objectReference: {fileID: 0}
    - target: {fileID: 408088, guid: aab301b5d4a9c1b4ab55351b46f6be40, type: 3}
      propertyPath: m_LocalRotation.w
      value: 0.5563636
      objectReference: {fileID: 0}
    - target: {fileID: 408088, guid: aab301b5d4a9c1b4ab55351b46f6be40, type: 3}
      propertyPath: m_RootOrder
      value: 1
      objectReference: {fileID: 0}
    m_RemovedComponents: []
  m_SourcePrefab: {fileID: 100100000, guid: aab301b5d4a9c1b4ab55351b46f6be40, type: 3}
--- !u!4 &4869292426970531345 stripped
Transform:
  m_CorrespondingSourceObject: {fileID: 408088, guid: aab301b5d4a9c1b4ab55351b46f6be40,
    type: 3}
  m_PrefabInstance: {fileID: 4869292426970414089}
  m_PrefabAsset: {fileID: 0}
--- !u!1001 &4869292427136302132
PrefabInstance:
  m_ObjectHideFlags: 0
  serializedVersion: 2
  m_Modification:
    m_TransformParent: {fileID: 5076109357845052311}
    m_Modifications:
    - target: {fileID: 198914, guid: 260ea4bf1ba71314c9c3833b491586bc, type: 3}
      propertyPath: m_Name
      value: SM_Env_Sidewalk_647
      objectReference: {fileID: 0}
    - target: {fileID: 485062, guid: 260ea4bf1ba71314c9c3833b491586bc, type: 3}
      propertyPath: m_LocalPosition.x
      value: -54.967
      objectReference: {fileID: 0}
    - target: {fileID: 485062, guid: 260ea4bf1ba71314c9c3833b491586bc, type: 3}
      propertyPath: m_LocalPosition.y
      value: 0
      objectReference: {fileID: 0}
    - target: {fileID: 485062, guid: 260ea4bf1ba71314c9c3833b491586bc, type: 3}
      propertyPath: m_LocalPosition.z
      value: -80.084
      objectReference: {fileID: 0}
    - target: {fileID: 485062, guid: 260ea4bf1ba71314c9c3833b491586bc, type: 3}
      propertyPath: m_LocalRotation.x
      value: -0
      objectReference: {fileID: 0}
    - target: {fileID: 485062, guid: 260ea4bf1ba71314c9c3833b491586bc, type: 3}
      propertyPath: m_LocalRotation.y
      value: -0
      objectReference: {fileID: 0}
    - target: {fileID: 485062, guid: 260ea4bf1ba71314c9c3833b491586bc, type: 3}
      propertyPath: m_LocalRotation.z
      value: -0
      objectReference: {fileID: 0}
    - target: {fileID: 485062, guid: 260ea4bf1ba71314c9c3833b491586bc, type: 3}
      propertyPath: m_LocalRotation.w
      value: 1
      objectReference: {fileID: 0}
    - target: {fileID: 485062, guid: 260ea4bf1ba71314c9c3833b491586bc, type: 3}
      propertyPath: m_RootOrder
      value: 12
      objectReference: {fileID: 0}
    m_RemovedComponents: []
  m_SourcePrefab: {fileID: 100100000, guid: 260ea4bf1ba71314c9c3833b491586bc, type: 3}
--- !u!4 &4869292427136080626 stripped
Transform:
  m_CorrespondingSourceObject: {fileID: 485062, guid: 260ea4bf1ba71314c9c3833b491586bc,
    type: 3}
  m_PrefabInstance: {fileID: 4869292427136302132}
  m_PrefabAsset: {fileID: 0}
--- !u!1001 &4869292427303894541
PrefabInstance:
  m_ObjectHideFlags: 0
  serializedVersion: 2
  m_Modification:
    m_TransformParent: {fileID: 5076109357845052311}
    m_Modifications:
    - target: {fileID: 115500, guid: a5b72bb8afb9a3241ae5eb12007ad0ac, type: 3}
      propertyPath: m_Name
      value: SM_Prop_SidewalkPoles_17
      objectReference: {fileID: 0}
    - target: {fileID: 431104, guid: a5b72bb8afb9a3241ae5eb12007ad0ac, type: 3}
      propertyPath: m_LocalPosition.x
      value: -41.467
      objectReference: {fileID: 0}
    - target: {fileID: 431104, guid: a5b72bb8afb9a3241ae5eb12007ad0ac, type: 3}
      propertyPath: m_LocalPosition.y
      value: 0
      objectReference: {fileID: 0}
    - target: {fileID: 431104, guid: a5b72bb8afb9a3241ae5eb12007ad0ac, type: 3}
      propertyPath: m_LocalPosition.z
      value: -97.584
      objectReference: {fileID: 0}
    - target: {fileID: 431104, guid: a5b72bb8afb9a3241ae5eb12007ad0ac, type: 3}
      propertyPath: m_LocalRotation.x
      value: -0
      objectReference: {fileID: 0}
    - target: {fileID: 431104, guid: a5b72bb8afb9a3241ae5eb12007ad0ac, type: 3}
      propertyPath: m_LocalRotation.y
      value: 0.707106
      objectReference: {fileID: 0}
    - target: {fileID: 431104, guid: a5b72bb8afb9a3241ae5eb12007ad0ac, type: 3}
      propertyPath: m_LocalRotation.z
      value: -0
      objectReference: {fileID: 0}
    - target: {fileID: 431104, guid: a5b72bb8afb9a3241ae5eb12007ad0ac, type: 3}
      propertyPath: m_LocalRotation.w
      value: 0.7071076
      objectReference: {fileID: 0}
    - target: {fileID: 431104, guid: a5b72bb8afb9a3241ae5eb12007ad0ac, type: 3}
      propertyPath: m_RootOrder
      value: 17
      objectReference: {fileID: 0}
    m_RemovedComponents: []
  m_SourcePrefab: {fileID: 100100000, guid: a5b72bb8afb9a3241ae5eb12007ad0ac, type: 3}
--- !u!4 &4869292427303987725 stripped
Transform:
  m_CorrespondingSourceObject: {fileID: 431104, guid: a5b72bb8afb9a3241ae5eb12007ad0ac,
    type: 3}
  m_PrefabInstance: {fileID: 4869292427303894541}
  m_PrefabAsset: {fileID: 0}
--- !u!1001 &4869292427347791635
PrefabInstance:
  m_ObjectHideFlags: 0
  serializedVersion: 2
  m_Modification:
    m_TransformParent: {fileID: 5076109357845052311}
    m_Modifications:
    - target: {fileID: 198914, guid: 260ea4bf1ba71314c9c3833b491586bc, type: 3}
      propertyPath: m_Name
      value: SM_Env_Sidewalk_645
      objectReference: {fileID: 0}
    - target: {fileID: 485062, guid: 260ea4bf1ba71314c9c3833b491586bc, type: 3}
      propertyPath: m_LocalPosition.x
      value: -49.967
      objectReference: {fileID: 0}
    - target: {fileID: 485062, guid: 260ea4bf1ba71314c9c3833b491586bc, type: 3}
      propertyPath: m_LocalPosition.y
      value: 0
      objectReference: {fileID: 0}
    - target: {fileID: 485062, guid: 260ea4bf1ba71314c9c3833b491586bc, type: 3}
      propertyPath: m_LocalPosition.z
      value: -95.084
      objectReference: {fileID: 0}
    - target: {fileID: 485062, guid: 260ea4bf1ba71314c9c3833b491586bc, type: 3}
      propertyPath: m_LocalRotation.x
      value: -0
      objectReference: {fileID: 0}
    - target: {fileID: 485062, guid: 260ea4bf1ba71314c9c3833b491586bc, type: 3}
      propertyPath: m_LocalRotation.y
      value: -0
      objectReference: {fileID: 0}
    - target: {fileID: 485062, guid: 260ea4bf1ba71314c9c3833b491586bc, type: 3}
      propertyPath: m_LocalRotation.z
      value: -0
      objectReference: {fileID: 0}
    - target: {fileID: 485062, guid: 260ea4bf1ba71314c9c3833b491586bc, type: 3}
      propertyPath: m_LocalRotation.w
      value: 1
      objectReference: {fileID: 0}
    - target: {fileID: 485062, guid: 260ea4bf1ba71314c9c3833b491586bc, type: 3}
      propertyPath: m_RootOrder
      value: 11
      objectReference: {fileID: 0}
    m_RemovedComponents: []
  m_SourcePrefab: {fileID: 100100000, guid: 260ea4bf1ba71314c9c3833b491586bc, type: 3}
--- !u!4 &4869292427348273621 stripped
Transform:
  m_CorrespondingSourceObject: {fileID: 485062, guid: 260ea4bf1ba71314c9c3833b491586bc,
    type: 3}
  m_PrefabInstance: {fileID: 4869292427347791635}
  m_PrefabAsset: {fileID: 0}
--- !u!1001 &4869292427349419736
PrefabInstance:
  m_ObjectHideFlags: 0
  serializedVersion: 2
  m_Modification:
    m_TransformParent: {fileID: 5076109357845052311}
    m_Modifications:
    - target: {fileID: 198914, guid: 260ea4bf1ba71314c9c3833b491586bc, type: 3}
      propertyPath: m_Name
      value: SM_Env_Sidewalk_644
      objectReference: {fileID: 0}
    - target: {fileID: 485062, guid: 260ea4bf1ba71314c9c3833b491586bc, type: 3}
      propertyPath: m_LocalPosition.x
      value: -49.967
      objectReference: {fileID: 0}
    - target: {fileID: 485062, guid: 260ea4bf1ba71314c9c3833b491586bc, type: 3}
      propertyPath: m_LocalPosition.y
      value: 0
      objectReference: {fileID: 0}
    - target: {fileID: 485062, guid: 260ea4bf1ba71314c9c3833b491586bc, type: 3}
      propertyPath: m_LocalPosition.z
      value: -80.084
      objectReference: {fileID: 0}
    - target: {fileID: 485062, guid: 260ea4bf1ba71314c9c3833b491586bc, type: 3}
      propertyPath: m_LocalRotation.x
      value: -0
      objectReference: {fileID: 0}
    - target: {fileID: 485062, guid: 260ea4bf1ba71314c9c3833b491586bc, type: 3}
      propertyPath: m_LocalRotation.y
      value: -0
      objectReference: {fileID: 0}
    - target: {fileID: 485062, guid: 260ea4bf1ba71314c9c3833b491586bc, type: 3}
      propertyPath: m_LocalRotation.z
      value: -0
      objectReference: {fileID: 0}
    - target: {fileID: 485062, guid: 260ea4bf1ba71314c9c3833b491586bc, type: 3}
      propertyPath: m_LocalRotation.w
      value: 1
      objectReference: {fileID: 0}
    - target: {fileID: 485062, guid: 260ea4bf1ba71314c9c3833b491586bc, type: 3}
      propertyPath: m_RootOrder
      value: 13
      objectReference: {fileID: 0}
    m_RemovedComponents: []
  m_SourcePrefab: {fileID: 100100000, guid: 260ea4bf1ba71314c9c3833b491586bc, type: 3}
--- !u!4 &4869292427349721118 stripped
Transform:
  m_CorrespondingSourceObject: {fileID: 485062, guid: 260ea4bf1ba71314c9c3833b491586bc,
    type: 3}
  m_PrefabInstance: {fileID: 4869292427349419736}
  m_PrefabAsset: {fileID: 0}
--- !u!1001 &4869292427352396238
PrefabInstance:
  m_ObjectHideFlags: 0
  serializedVersion: 2
  m_Modification:
    m_TransformParent: {fileID: 5076109357845052311}
    m_Modifications:
    - target: {fileID: 198914, guid: 260ea4bf1ba71314c9c3833b491586bc, type: 3}
      propertyPath: m_Name
      value: SM_Env_Sidewalk_640
      objectReference: {fileID: 0}
    - target: {fileID: 485062, guid: 260ea4bf1ba71314c9c3833b491586bc, type: 3}
      propertyPath: m_LocalPosition.x
      value: -44.967
      objectReference: {fileID: 0}
    - target: {fileID: 485062, guid: 260ea4bf1ba71314c9c3833b491586bc, type: 3}
      propertyPath: m_LocalPosition.y
      value: 0
      objectReference: {fileID: 0}
    - target: {fileID: 485062, guid: 260ea4bf1ba71314c9c3833b491586bc, type: 3}
      propertyPath: m_LocalPosition.z
      value: -90.084
      objectReference: {fileID: 0}
    - target: {fileID: 485062, guid: 260ea4bf1ba71314c9c3833b491586bc, type: 3}
      propertyPath: m_LocalRotation.x
      value: -0
      objectReference: {fileID: 0}
    - target: {fileID: 485062, guid: 260ea4bf1ba71314c9c3833b491586bc, type: 3}
      propertyPath: m_LocalRotation.y
      value: -0
      objectReference: {fileID: 0}
    - target: {fileID: 485062, guid: 260ea4bf1ba71314c9c3833b491586bc, type: 3}
      propertyPath: m_LocalRotation.z
      value: -0
      objectReference: {fileID: 0}
    - target: {fileID: 485062, guid: 260ea4bf1ba71314c9c3833b491586bc, type: 3}
      propertyPath: m_LocalRotation.w
      value: 1
      objectReference: {fileID: 0}
    - target: {fileID: 485062, guid: 260ea4bf1ba71314c9c3833b491586bc, type: 3}
      propertyPath: m_RootOrder
      value: 14
      objectReference: {fileID: 0}
    m_RemovedComponents: []
  m_SourcePrefab: {fileID: 100100000, guid: 260ea4bf1ba71314c9c3833b491586bc, type: 3}
--- !u!4 &4869292427352061704 stripped
Transform:
  m_CorrespondingSourceObject: {fileID: 485062, guid: 260ea4bf1ba71314c9c3833b491586bc,
    type: 3}
  m_PrefabInstance: {fileID: 4869292427352396238}
  m_PrefabAsset: {fileID: 0}
